 Dungeon Crawl Stone Soup version 0.29-a0-323-g050149af67 (webtiles) character file.

Game seed: 2744745219351942280

326 Morbidden the Conjurer (level 6, -1/43 HPs)
             Began as a Demonspawn Conjurer on Apr 11, 2022.
             Was an Initiate of Vehumet.
             Succumbed to a water moccasin's poison
             ... on level 5 of the Dungeon.
             The game lasted 00:04:27 (6007 turns).

Morbidden the Conjurer (Demonspawn Conjurer)        Turns: 6007, Time: 00:04:28

Health: -1/43      AC:  2    Str:  8    XL:     6   Next: 24%
Magic:  2/11       EV: 12    Int: 21    God:    Vehumet [......]
Gold:   268        SH:  4    Dex: 11    Spells: 9/12 levels left

rFire   . . .      SeeInvis .   (no weapon)
rCold   . . .      Faith    .   (no shield)
rNeg    . . .      Spirit   .   a - +0 robe
rPois   .          Reflect  .   (no helmet)
rElec   .          Harm     .   (no cloak)
rCorr   .          Rampage  .   (no gloves)
Will    .....                   (no boots)
Stlth   ++........              (no amulet)
HPRegen 0.14/turn               (no ring)
MPRegen 0.12/turn               (no ring)

@: lethally poisoned (-1 -> -12)
A: condensation shield, weakness stinger 2
a: Renounce Religion


You were on level 5 of the Dungeon.
You worshipped Vehumet.
Vehumet was noncommittal.
You visited 2 branches of the dungeon, and saw 6 of its levels.

You collected 268 gold pieces.

Inventory:

Missiles
 p - 2 javelins (quivered)
 q - a throwing net
Armour
 a - a +0 robe (worn)
Jewellery
 i - a ring of resist corrosion
 r - a ring of see invisible
Wands
 s - a wand of flame (34)
 t - a wand of acid (9)
 u - a wand of paralysis (4)
Scrolls
 c - 2 scrolls of teleportation {unknown}
 f - 3 scrolls of enchant armour {unknown}
 g - 2 scrolls of summoning {unknown}
 h - 3 scrolls of identify {unknown}
 k - 2 scrolls of vulnerability {unknown}
 n - a scroll of blinking {unknown}
 o - a scroll of fog {unknown}
Potions
 b - a potion of magic
 d - 3 potions of flight
 e - 2 potions of curing
 j - 2 potions of might {unknown}
 l - a potion of mutation {unknown}
 m - a potion of heal wounds


   Skills:
 * Level 1.2 Fighting
 * Level 2.5 Dodging
 + Level 2.6 Stealth
 + Level 0.2 Unarmed Combat
 * Level 3.6 Spellcasting
 * Level 5.7 Conjurations


You had 9 spell levels left.
You knew the following spells:

 Your Spells              Type           Power      Damage    Failure   Level
a - Magic Dart            Conj           100%       1d8       1%          1
b - Searing Ray           Conj           56%        2d6       1%          2

Your spell library contained the following spells:

 Spells                   Type           Power      Damage    Failure   Level
 Dazzling Flash           Conj/Hex       30%        N/A       12%         3
 Ensorcelled Hibernation  Hex/Ice        6%         N/A       19%         2
 Passwall                 Tmut/Erth      2%         N/A       19%         2
 Swiftness                Air            3%         N/A       36%         3
 Fulminant Prism          Conj/Hex       7%         3d7       36%         4
 Iskenderun's Mystic Bla  Conj/Tloc      15%        2d5       36%         4


Dungeon Overview and Level Annotations

Branches:
Dungeon (5/15)             Temple (1/1) D:4

Altars:
Ashenzari
Cheibriados
Dithmenos
Elyvilon
Fedhas
Gozag
Hepliaklqana
Kikubaaqudgha
Makhleb
Nemelex Xobeh
Okawaru
Qazlal
Ru
Sif Muna
Trog
Uskayaw
Vehumet
Wu Jian
Xom
Yredelemnul
Zin
The Shining One

Shops:
D:1 !   D:3 :


Innate Abilities, Weirdness & Mutations

A meltable shield of frost defends you. (SH +4)
You have a tail ending in a sharp stinger.


Message History

The water moccasin is heavily wounded.
The water moccasin bites you. The water moccasin closely misses you.
A water moccasin is nearby!
Casting: Magic Dart (safe; 1% risk of failure)
Confirm with . or Enter, or press ? or * to list all spells.
Aiming: Magic Dart (safe; 1% risk of failure)
Press: ? - help, Shift-Dir - straight line, f/p - water moccasin
Aim: a water moccasin (heavily wounded, 100% to hit)
The magic dart hits the water moccasin.
The water moccasin is heavily wounded.
The water moccasin misses you.
Unknown command.
Casting: Magic Dart (safe; 1% risk of failure)
Confirm with . or Enter, or press ? or * to list all spells.
Aiming: Searing Ray (safe; 1% risk of failure)
Press: ? - help, Shift-Dir - straight line, f/p - water moccasin
Aim: a water moccasin (heavily wounded, 66% to hit)
The searing ray hits the water moccasin!
The water moccasin is almost dead. (Press . to maintain the ray.)
The water moccasin bites you!
You are poisoned.
The water moccasin poisons you!
The searing ray misses the water moccasin.
You feel very sick. The water moccasin bites you!
* * * LOW HITPOINT WARNING * * *
The water moccasin closely misses you.
The searing ray hits the water moccasin.
The water moccasin is almost dead.
* * * LOW HITPOINT WARNING * * *
You feel very sick. The water moccasin bites you!
* * * LOW HITPOINT WARNING * * *
Unknown command.
The searing ray hits the water moccasin.
You kill the water moccasin!
Vehumet accepts your kill.
You finish channelling your searing ray.
You die...

#..........##..
##.............
#####......##....
#.....###### #.##
#.##### .# ##.#
.. #..# .# #.##
#@# #.......†.#
#...........>
#.......###..#
#........ ##
#....#.## #......
#......


There were no monsters in sight!

Vanquished Creatures
  A water moccasin (D:5)
  A black bear (D:4)
  An orc priest (D:4)
  An orc wizard (D:4)
  7 adders
  A white imp (D:4)
  3 worms
  2 dart slugs
  3 orcs (D:4)
  8 endoplasms
  2 giant cockroaches
  9 goblins
  7 hobgoblins
  8 jackals
  11 kobolds
  5 quokkas
  A ball python (D:1)
  4 bats
  5 frilled lizards
  7 rats
87 creatures vanquished.

Vanquished Creatures (others)
  An orc wizard (D:4)
1 creature vanquished.

Grand Total: 88 creatures vanquished

Notes
Turn   | Place    | Note
-------+----------+-------------------------------------------
     0 | D:1      | Morbidden the Demonspawn Conjurer began the quest for the
                  | Orb.
     0 | D:1      | Reached XP level 1. HP: 13/13 MP: 3/3
   315 | D:1      | Gained mutation: You have a small tail. [demonic ancestry]
   315 | D:1      | Reached XP level 2. HP: 19/19 MP: 1/5
  1013 | D:1      | Found Guus's Distillery.
  1029 | D:1      | Gained mutation: A meltable shield of frost defends you.
                  | (SH +4) [demonic ancestry]
  1029 | D:1      | Reached XP level 3. HP: 24/24 MP: 3/6
  1519 | D:2      | Learned a level 2 spell: Searing Ray
  1794 | D:2      | Reached skill level 5 in Conjurations
  2271 | D:2      | Found a faded altar of an unknown god.
  2301 | D:2      | Reached XP level 4. HP: 27/30 MP: 1/7
  3594 | D:3      | Found Neweiwn's Book Boutique.
  4189 | D:4      | Reached XP level 5. HP: 35/35 MP: 3/9
  4782 | D:4      | Found a staircase to the Ecumenical Temple.
  4802 | Temple   | Entered the Ecumenical Temple
  5104 | Temple   | Became a worshipper of Vehumet
  5177 | D:4      | Noticed a black bear
  5185 | D:4      | Killed a black bear
  5186 | D:4      | Reached skill level 1 in Fighting
  5186 | D:4      | Gained mutation: You have a tail ending in a sharp stinger.
                  | [demonic ancestry]
  5186 | D:4      | Reached XP level 6. HP: 39/43 MP: 0/11
  5675 | D:4      | Found a shimmering altar of Xom.
  5885 | D:5      | Entered Level 5 of the Dungeon
  5998 | D:5      | Noticed a water moccasin
  6006 | D:5      | HP: 1/43 [water moccasin (7)]
  6007 | D:5      | Killed a water moccasin
  6007 | D:5      | Succumbed to a water moccasin's poison

Illustrated notes

Levels and vault maps discovered:
D:1:      minmay_arrival_widening_spiral_wide, layout_loops_ring, serial_shops,
          nicolae_diamond_shop, serial_glass, glass_columns_a, glass_columns_b
D:2:      layout_basic, shapermc_ecumenical_altar_ellora
D:3:      layout_basic, serial_shops, shop, chequers_serial_rivers_micro_d,
          feat_on_display
D:4:      cheibrodos_old_hovel, layout_basic,
          mainiacjoe_overflow_six_doors_small, minmay_temple_entry_overgrown
D:5:      layout_rooms, minmay_between
Temple:   roderic_octagonal_lattice_temple

Skill      XL: |  1  2  3  4  5 |
---------------+----------------+-----
Stealth        | 2 |  2.6
Conjurations   | 5 |  5.7
Dodging        | 2 |  2.5
Spellcasting   | 3 |  3.6
Fighting       | 1 |  1.2
Unarmed Combat | |  0.2

Action                   |  1- 3 |  4- 6 || total
-------------------------+-------+-------++-------
Melee: Unarmed           |     1 |    23 ||    24
       Tailslap          |       |     1 ||     1
Throw: Javelin           |       |     2 ||     2
 Cast: Magic Dart        |    86 |    91 ||   177
       Searing Ray       |     1 |     8 ||     9
  Use: Potion            |       |     5 ||     5
Armor: Robe              |       |     5 ||     5
       Skin              |       |     4 ||     4
Dodge: Dodged            |    10 |    30 ||    40
Block: Other             |     1 |     7 ||     8

Table legend: (Time is in decaauts)
 A = Elapsed time spent in this place.
 B = Non-inter-level travel time spent in this place.
 C = Inter-level travel time spent in this place.
 D = Time resting spent in this place.
 E = Time spent auto-exploring this place.
 F = Levels seen in this place.
 G = Mean time per level.
                   A        B        C        D        E       F      G
               +--------+--------+--------+--------+--------+-----+--------+
         Total |   6007 |   5912 |     95 |    400 |   4999 |   6 | 1001.2 |
       Dungeon |   5686 |   5616 |     70 |    400 |   4745 |   5 | 1137.2 |
        Temple |    320 |    295 |     25 |      0 |    254 |   1 |  320.0 |
               +--------+--------+--------+--------+--------+-----+--------+

Top non-repeatable levels by time:
     D:3: 1550 daAuts
     D:4: 1394 daAuts
     D:2: 1352 daAuts
     D:1: 1267 daAuts
  Temple: 320 daAuts
     D:5: 121 daAuts
